 Dungeon Crawl Stone Soup version 0.24-a0-170-gd8427f5 (webtiles) character file.

Game seed: 8094751429967681590

278 galech the Skirmisher (level 6, -11/48 HPs)
             Began as a Demonspawn Fighter on Mar 8, 2019.
             Was an Initiate of Okawaru.
             Splashed by Ijyb's acid (12 damage)
             ... on level 3 of the Dungeon.
             The game lasted 00:03:03 (2919 turns).

galech the Skirmisher (Demonspawn Fighter)          Turns: 2919, Time: 00:03:05

Health: -11/48     AC:  3    Str: 16    XL:     6   Next: 5%
Magic:  6/6        EV:  7    Int:  9    God:    Okawaru [......]
Gold:   179        SH:  9    Dex: 15    Spells: 5/5 levels left

rFire    + . .     SeeInvis .   a - +0 war axe
rCold    . . .     Gourm    .   c - +0 shield
rNeg     . . .     Faith    .   b - +0 scale mail
rPois    .         Spirit   .   (helmet restricted)
rElec    .         Reflect  .   (no cloak)
rCorr    .         Harm     .   (no gloves)
MR       .....                  (no boots)
Stlth    ..........             (no amulet)
HPRegen  0.16/turn              (no ring)
MPRegen  0.10/turn              (no ring)

@: corroded
A: antennae 1, talons 1, fire resistance 1, powered by death 1
a: Renounce Religion


You were on level 3 of the Dungeon.
You worshipped Okawaru.
Okawaru was noncommittal.
You were not hungry.

You visited 1 branch of the dungeon, and saw 3 of its levels.

You collected 179 gold pieces.

Inventory:

Hand Weapons
 a - a +0 war axe (weapon)
Armour
 b - a +0 scale mail (worn)
 c - a +0 shield (worn)
Jewellery
 o - an uncursed ring of flight {unknown}
Scrolls
 i - a scroll of teleportation {unknown}
 j - a scroll of blinking {unknown}
 k - 2 scrolls of identify {unknown}
 l - a scroll of enchant armour {unknown}
 p - a scroll of fear {unknown}
 q - a scroll of amnesia {unknown}
 r - a scroll of remove curse {unknown}
Potions
 d - a potion of might
 e - 3 potions of agility {unknown}
 g - 3 potions of flight {unknown}
 m - a potion of haste {unknown}
 n - 2 potions of curing {unknown}
Comestibles
 f - 4 rations
 h - a chunk of flesh


   Skills:
 + Level 3.9 Fighting
 + Level 3.7 Axes
 + Level 3.8 Armour
 + Level 0.9 Dodging
 + Level 3.5 Shields


You had 5 spell levels left.
You didn't know any spells.
Your spell library was empty.

Dungeon Overview and Level Annotations

Branches:
Dungeon (3/15)

Altars:
Cheibriados
Dithmenos
Elyvilon
Nemelex Xobeh
Okawaru
Ru
Trog

Annotations:
D:3 Ijyb


Innate Abilities, Weirdness & Mutations

You have a pair of small antennae on your head.
You have sharp toenails.
Your flesh is heat resistant. (rF+)
You regenerate a little health from kills.


Message History

You are too injured to fight recklessly!
You are too injured to fight recklessly!
You are too injured to fight recklessly!
You are too injured to fight recklessly!
You are too injured to fight recklessly!
You are too injured to fight recklessly!
You are too injured to fight recklessly!
You are too injured to fight recklessly!
You are too injured to fight recklessly!
You are too injured to fight recklessly!
You are too injured to fight recklessly!
You are too injured to fight recklessly!
Your shield and scale mail prevent you from hitting Ijyb.
You claw Ijyb.
Ijyb is moderately wounded.
Ijyb screams, "Get away!"
Ijyb zaps a wand.
The bolt of acid hits you!!
* * * LOW HITPOINT WARNING * * *
You are splashed with acid!
You die...

###############
#.......@g....#
#.###########.#
#.##########
#.##.......#
#.##.......#
#.##.......##
#.##........#.#
#.##..).....#.#
#.##........#.#


You could see Ijyb.

Vanquished Creatures
  2 orc priests (D:3)
  2 orc wizards (D:3)
  Robin (D:2)
  4 adders (D:2)
  An ooze (D:1)
  7 worms
  2 dart slugs
  3 leopard geckos
  5 orcs (D:3)
  11 bats
  A giant cockroach (D:2)
  12 goblins
  5 hobgoblins
  9 jackals
  2 quokkas (D:2)
  6 frilled lizards
  5 kobolds
  6 rats
84 creatures vanquished.

Notes
Turn   | Place    | Note
-------+----------+-------------------------------------------
     0 | D:1      | galech the Demonspawn Fighter began the quest for the Orb.
     0 | D:1      | Reached XP level 1. HP: 18/18 MP: 1/1
   129 | D:1      | Gained mutation: You have a pair of small antennae on your
                  | head. [demonic ancestry]
   129 | D:1      | Reached XP level 2. HP: 23/24 MP: 2/2
   503 | D:1      | Gained mutation: You regenerate a little health from kills.
                  | [demonic ancestry]
   503 | D:1      | Reached XP level 3. HP: 25/29 MP: 3/3
  1390 | D:2      | Noticed Robin
  1406 | D:2      | Killed Robin
  1489 | D:2      | Gained mutation: Your flesh is heat resistant. (rF+)
                  | [demonic ancestry]
  1489 | D:2      | Reached XP level 4. HP: 28/35 MP: 4/4
  1638 | D:2      | Found a bloodstained altar of Trog.
  2251 | D:2      | Found a shadowy altar of Dithmenos.
  2252 | D:2      | Found a snail-covered altar of Cheibriados.
  2259 | D:2      | Reached XP level 5. HP: 37/41 MP: 5/5
  2485 | D:3      | Found an iron altar of Okawaru.
  2508 | D:3      | Found a sparkling altar of Nemelex Xobeh.
  2508 | D:3      | Found a white marble altar of Elyvilon.
  2526 | D:3      | Became a worshipper of Warmaster Okawaru
  2549 | D:3      | Found a sacrificial altar of Ru.
  2619 | D:3      | Gained mutation: You have sharp toenails. [demonic
                  | ancestry]
  2619 | D:3      | Reached XP level 6. HP: 45/48 MP: 6/6
  2913 | D:3      | Noticed Ijyb
  2919 | D:3      | HP: 1/48 [Ijyb/wand of acid (10) (21)]
  2919 | D:3      | Splashed by Ijyb's acid

Levels and vault maps discovered:
D:1:      eino_arrival_druids_welcome, layout_loops_cross
D:2:      kb_forest_paths, layout_basic, gammafunk_temple_overflow_pools,
          nicolae_overflow_hidden_temple, uniq_robin
D:3:      layout_loops_ring, okawaru_metal_pillars_1_2,
          chequers_temple_overflow_statue_of_worship, first_ration, uniq_ijyb

Skill      XL: |  1  2  3  4 |
---------------+-------------+-----
Armour         | 3 |  3.8
Axes           | 2 3 |  3.7
Shields        | 3 |  3.5
Fighting       | |  3.9
Dodging        | |  0.9

Action                   |  1- 3 |  4- 6 || total
-------------------------+-------+-------++-------
Melee: War axe           |   150 |   150 ||   300
       Kick              |       |    10 ||    10
  Eat: Chunk             |     2 |     5 ||     7
Armor: Scale mail        |    68 |    77 ||   145
Dodge: Dodged            |    36 |    50 ||    86
Block: Shield            |    86 |    90 ||   176

Table legend:
 A = Non-vault XP
 B = Vault XP
 C = Vault XP percentage of total XP
 D = Non-vault monster count
 E = Vault monster count
 F = Vault count percentage of total count
                 A         B        C        D         E       F
            +---------+---------+-------+---------+---------+-------
      Total |     361 |      37 |   9.3 |      71 |      13 |  15.5
            +---------+---------+-------+---------+---------+-------
        D:1 |      47 |       0 |   0.0 |      23 |       0 |   0.0
        D:2 |     113 |      37 |  24.7 |      30 |      13 |  30.2
        D:3 |     201 |       0 |   0.0 |      18 |       0 |   0.0
            +---------+---------+-------+---------+---------+-------
